 Dungeon Crawl Stone Soup version 0.20-a0-4-gd166d5d (webtiles) character file.

96 Zenonira the Shield-Bearer (level 4, -1/35 HPs)
             Began as a Formicid Fighter on Oct 31, 2016.
             Slain by Edmund
             ... wielding a +0 flail of protection
              (2 damage)
             ... on level 4 of the Dungeon.
             The game lasted 00:06:36 (2071 turns).

Zenonira the Shield-Bearer (Formicid Fighter)       Turns: 2071, Time: 00:06:37

Health: -1/35      AC:  9    Str: 20    XL:     4   Next: 98%
Magic:  4/4        EV:  9    Int:  8    God:
Gold:   103        SH: 10    Dex: 11    Spells: 0 memorised, 3 levels left

rFire  . . .     SeeInvis +     a - +0 war axe
rCold  . . .     Gourm    .     m - +4 ring mail
rNeg   . . .     Faith    .     c - +0 shield
rPois  .         Spirit   .     (helmet unavailable)
rElec  .         Reflect  .     (no cloak)
rCorr  .         Harm     .     (no gloves)
MR     .....                    (no boots)
Stlth  +.........               (no amulet)
                                (no ring)
                                (no ring)

@: no status effects
A: permanent stasis, dig shafts and tunnels, four strong arms, antennae 3
a: Dig, Shaft Self


You were on level 4 of the Dungeon.
You were not hungry.

You visited 1 branch of the dungeon, and saw 4 of its levels.

You collected 103 gold pieces.

Inventory:

Hand Weapons
 a - a +0 war axe (weapon)
Armour
 b - a +0 scale mail
 c - a +0 shield (worn)
 m - a +4 ring mail (worn)
Jewellery
 q - an uncursed ring of stealth {unknown}
Scrolls
 e - 3 scrolls of fog {unknown}
 g - 4 scrolls of blinking {unknown}
 h - a scroll of noise {unknown}
 i - 2 scrolls of recharging {unknown}
 j - a scroll of teleportation {unknown}
 k - 2 scrolls of fear {unknown}
 l - 7 scrolls of identify {unknown}
 o - 2 scrolls of enchant armour {unknown}
Potions
 d - a potion of might
 r - a potion of lignification {unknown}
 s - a potion of brilliance
Comestibles
 f - 7 bread rations
 n - a meat ration
 p - a beef jerky


   Skills:
 - Level 3.2 Fighting
 + Level 3.3 Axes
 - Level 3.2 Armour
 + Level 5.4 Shields


You had 3 spell levels left.
You didn't know any spells.

Dungeon Overview and Level Annotations

Branches:
Dungeon (4/15)
 Temple: D:4-7

Altars:

Annotations:
D:4 Edmund


Innate Abilities, Weirdness & Mutations

You are under a permanent stasis effect.
You can dig through walls and to a lower floor.
Your four strong arms can wield two-handed weapons with a shield.
You have a pair of large antennae on your head. (SInv)


Message History

You are too injured to fight recklessly!
You are too injured to fight recklessly!
You are too injured to fight recklessly!
You are too injured to fight recklessly!
You are too injured to fight recklessly!
You are too injured to fight recklessly!
You hit Edmund but do no damage.
Edmund is heavily wounded.
Edmund hits you with a flail of protection.
* * * LOW HITPOINT WARNING * * *
You slash Edmund!
Edmund is severely wounded.
Edmund misses you. You block Edmund's attack.
You hit Edmund but do no damage.
Edmund is severely wounded.
Edmund closely misses you.
You closely miss Edmund.
Edmund is severely wounded.
Edmund hits you with a flail of protection.
You die...

#####
#.@h#
#@#h#
#.#.#
######.#.#
#......#.#
#.######h#
#.#.# .#
#<..# ##
#####


You could see Edmund and a jackal.

Vanquished Creatures
  An adder (D:3)
  A howler monkey skeleton (D:3)
  2 oozes
  3 worms
  2 leopard geckos
  An orc (D:3)
  5 bats
  2 giant cockroaches (D:2)
  6 hobgoblins
  5 jackals
  11 kobolds
  4 frilled lizards
  6 goblins
  8 rats
57 creatures vanquished.

Notes
Turn   | Place    | Note
-------+----------+-------------------------------------------
     0 | D:1      | Zenonira the Formicid Fighter began the quest for the Orb.
     0 | D:1      | Reached XP level 1. HP: 18/18 MP: 1/1
    31 | D:1      | Reached XP level 2. HP: 21/24 MP: 2/2
    66 | D:1      | Reached skill level 4 in Shields
   367 | D:1      | Reached XP level 3. HP: 29/29 MP: 3/3
   956 | D:2      | Reached XP level 4. HP: 34/35 MP: 4/4
  1225 | D:3      | Reached skill level 5 in Shields
  2035 | D:4      | Noticed Edmund
  2068 | D:4      | HP: 1/35 [Edmund/flail of protection (5)]
  2071 | D:4      | Slain by Edmund

Vault maps used:
D:1:      lemuel_arrival_behind_the_door_small
D:2:      minmay_ruptured
D:4:      minitemple, gup_sewer_entry_bowl, first_bread, uniq_edmund

Skill      XL: |  1  2  3  4 |
---------------+-------------+-----
Shields        | 4 5 |  5.4
Axes           | 3 |  3.3
Fighting       | |  3.2
Armour         | |  3.2

Action                   |  1- 3 |  4- 6 || total
-------------------------+-------+-------++-------
Melee: War axe           |   115 |    95 ||   210
 Abil: Dig               |     2 |       ||     2
  Use: Potion            |       |     3 ||     3
  Eat: Chunk             |       |     4 ||     4
Armor: Scale mail        |    25 |       ||    25
       Ring mail         |    17 |    30 ||    47
Dodge: Dodged            |    41 |    36 ||    77
Block: Shield            |    54 |    46 ||   100
